 Dungeon Crawl Stone Soup version 0.16.2-12-gd0ad4c3 (webtiles) character file.

875 Dexcius the Chopper (level 7, -8/62 HPs)
             Began as a Minotaur Berserker on Sept 13, 2015.
             Was an Elder of Trog.
             Mangled by Stret the merfolk
             ... wielding a +1 trident of protection
             ... created by the player character
              (17 damage)
             ... on level 6 of the Dungeon.
             The game lasted 00:18:11 (3982 turns).

Dexcius the Chopper (Minotaur Berserker)            Turns: 3982, Time: 00:18:11

Health: -8/62      AC: 11    Str: 25    XL:     7   Next: 74%
Magic:  3/3        EV: 11    Int:  4    God:    Trog [****..]
Gold:   8          SH: 15    Dex: 15    Spells: 0 memorised, 6 levels left

rFire  . . .     SeeInvis +     p - +1 war axe
rCold  . . .     Clarity  .     h - +0 chain mail
rNeg   . . .     SustAb   .     b - +0 large shield
rPois  +         Gourm    .     (helmet restricted)
rElec  .         Spirit   .     (no cloak)
rCorr  .         Warding  .     e - +1 pair of gloves
rMut   .         Stasis   .     (no boots)
MR     .....                    (no amulet)
Stlth  ..........               a - ring of see invisible
                                d - ring of poison resistance

@: agile, not resistant to hostile enchantments, extremely unstealthy
A: retaliatory headbutt, horns 2, strong 1, placid magic 1
a: Burn Spellbooks, Berserk, Trog's Hand, Brothers in Arms, Renounce Religion


You were on level 6 of the Dungeon.
You worshipped Trog.
Trog was greatly pleased with you.
You were not hungry.

You visited 1 branch of the dungeon, and saw 6 of its levels.

You collected 343 gold pieces.
You spent 335 gold pieces at shops.

Inventory:

Hand weapons
 p - a +1 war axe (weapon)
Armour
 b - a +0 large shield (worn)
 e - a +1 pair of gloves (worn)
 h - a +0 chain mail (worn)
Jewellery
 a - a ring of see invisible (right hand)
 d - a ring of poison resistance (left hand)
 m - an uncursed ring of flight
Scrolls
 g - a scroll of random uselessness {unknown}
 j - 2 scrolls of enchant weapon
 l - 4 scrolls of identify
 r - a scroll of remove curse
Potions
 t - a potion of restore abilities
Books
 i - the Almanac of Feathers and Combat Magic
   (You found it on level 6 of the Dungeon)

   Spells                             Type                      Level
   a - Repel Missiles                 Charms/Air                   2
   b - Mephitic Cloud                 Conjuration/Poison/Air       3
   c - Conjure Ball Lightning         Conjuration/Air              6
   d - Tornado                        Air                          9
   Trog disapproves of the use of such an item.
Comestibles
 c - 4 bread rations


   Skills:
 + Level 5.8 Fighting
 + Level 6.8 Axes
 + Level 4.7 Armour
 + Level 3.8 Dodging
 + Level 0.3 Stealth
 + Level 4.7 Shields


You had 6 spell levels left.
You didn't know any spells.

Dungeon Overview and Level Annotations

Branches:
Dungeon (6/15)
 Temple: D:4-7

Altars:
Ashenzari
Dithmenos
Gozag
Ru
Zin
The Shining One

Shops:
D:4 *   D:5 ?   D:6 *


Innate Abilities, Weirdness & Mutations

You reflexively headbutt those who attack you in melee.
You have a pair of horns on your head.
Your muscles are strong. (Str +2)
Your spells are a little easier to cast, but a little less powerful.


Message History

* * * LOW HITPOINT WARNING * * *
You closely miss Stret. You headbutt Stret, but do no damage.
Stret is severely wounded.
Stret hits you but does no damage.
You hit Stret. Your headbutt misses Stret.
Stret is severely wounded.
Stret hits you with a trident of protection.
* * * LOW HITPOINT WARNING * * *
You hit Stret but do no damage. Your headbutt misses Stret.
Stret is severely wounded.
Stret hits you but does no damage. You block Stret's attack.
Drink which item? (? for menu, Esc to quit)
You feel agile all of a sudden.
You completely miss Stret. Your headbutt misses Stret.
Stret is severely wounded.
You block Stret's attack.
Your shield and chain mail prevent you from hitting Stret.
Stret is severely wounded.
Stret hits you with a trident of protection!
You die...

*+#* *** *..# *,, *#.#
###### *,, #.# #<...#
*,, #.# ####.# *,, #.#
#.# *** #.# #.#
#.#############.#####
#>.m@.∩..............
#.#############....##
####.#...# #....#.#
#....#.#.# #.##.#.#*
#.####.#.# #.##....,
#.####.#.#######.#######
#......#.......#.#
########.......'.#
#.......### *


You could see Stret the merfolk.

Vanquished Creatures
  A phantom (D:4)
  A centaur (D:5)
  2 giant frogs (D:6)
  A big kobold (D:5)
  A jelly (D:4)
  A giant frog zombie (D:5)
  3 crimson imps (D:5)
  A hound (D:4)
  An orc priest (D:5)
  An orc wizard (D:5)
  2 worker ants
  A hound zombie (D:5)
  7 adders
  A worker ant zombie (D:5)
  2 giant mites
  3 worms
  An adder skeleton (D:5)
  A giant gecko (D:5)
  An ooze (D:3)
  16 orcs
  4 ball pythons
  3 bat skeletons (D:4)
  3 giant cockroaches
  9 goblins
  12 hobgoblins
  2 jackals (D:5)
  12 kobolds
  3 quokkas
  4 bats
  3 giant newts
  A quokka skeleton (D:5)
  13 rats
117 creatures vanquished.

Notes
Turn   | Place    | Note
--------------------------------------------------------------
     0 | D:1      | Dexcius, the Minotaur Berserker, began the quest for the Orb.
     0 | D:1      | Reached XP level 1. HP: 19/19 MP: 1/1
   358 | D:1      | Reached XP level 2. HP: 20/27 MP: 1/1
   509 | D:1      | Reached skill level 4 in Fighting
   546 | D:1      | Acquired Trog's second power
   786 | D:2      | Reached XP level 3. HP: 31/33 MP: 2/2
  1497 | D:2      | Reached XP level 4. HP: 28/41 MP: 2/2
  1916 | D:3      | Reached skill level 5 in Fighting
  1924 | D:3      | Found a shadowy altar of Dithmenos.
  2096 | D:3      | Found a glowing golden altar of the Shining One.
  2105 | D:3      | Found an opulent altar of Gozag.
  2544 | D:4      | Reached skill level 1 in Shields
  2548 | D:4      | Reached XP level 5. HP: 48/48 MP: 2/2
  2565 | D:4      | Found a sacrificial altar of Ru.
  2649 | D:4      | Found a glowing silver altar of Zin.
  2653 | D:4      | Found Xutist's General Store.
  2702 | D:4      | Noticed a phantom
  2705 | D:4      | Reached skill level 5 in Axes
  2715 | D:4      | Killed a phantom
  2715 | D:4      | Reached XP level 6. HP: 47/56 MP: 3/3
  2842 | D:4      | Found a shattered altar of Ashenzari.
  3060 | D:5      | Entered Level 5 of the Dungeon
  3192 | D:5      | Acquired Trog's third power
  3285 | D:5      | Reached XP level 7. HP: 61/61 MP: 3/3
  3291 | D:5      | Found Gozag's Platinum Reserve.
  3296 | D:5      | Found an opulent altar of Gozag.
  3370 | D:5      | Reached skill level 6 in Axes
  3452 | D:5      | Found Arras' Magic Scroll Emporium.
  3476 | D:5      | Bought a scroll of identify for 20 gold pieces
  3476 | D:5      | Bought a scroll of identify for 20 gold pieces
  3476 | D:5      | Bought a scroll of identify for 20 gold pieces
  3476 | D:5      | Bought a scroll of enchant weapon for 75 gold pieces
  3855 | D:6      | Identified the Almanac of Feathers and Combat Magic
  3876 | D:6      | Found Woz Nahuyf's General Store.
  3883 | D:6      | Bought an ornate deck of wonders for 200 gold pieces
  3947 | D:6      | Gained mutation: Your muscles are strong. (Str +2) [helix card]
  3951 | D:6      | Gained mutation: Your spells are a little easier to cast, but a little less powerful. [helix card]
  3952 | D:6      | Noticed Stret
  3982 | D:6      | Mangled by Stret the merfolk

Action                   |  1- 3 |  4- 6 |  7- 9 || total
-------------------------+-------+-------+-------++-------
Melee: Hand axe          |    55 |       |       ||    55
       War axe           |    24 |   144 |    92 ||   260
 Abil: Evoke Flight      |       |       |     1 ||     1
Evoke: Deck              |       |       |     9 ||     9
  Use: Scroll            |     6 |     6 |       ||    12
       Potion            |     3 |       |     4 ||     7
  Eat: Pizza             |     1 |       |       ||     1
       Meat ration       |       |     1 |     1 ||     2
       Beef jerky        |       |       |     1 ||     1
